 Dungeon Crawl Stone Soup version 0.30.1-9-gdf580d7c3d (webtiles) character file.

Game seed: 11426786353948623780

6 mightbedylan the Vexing (level 2, 0/16 HPs)
             Began as a Kobold Hexslinger on Oct 17, 2023.
             Frozen to death by an endoplasm (2 damage)
             ... on level 1 of the Dungeon.
             The game lasted 00:07:14 (282 turns).

mightbedylan the Vexing (Kobold Hexslinger)          Turns: 282, Time: 00:07:15

Health: 0/16       AC:  2    Str: 13    XL:     2   Next: 0%
Magic:  1/3        EV: 15    Int: 14    God:
Gold:   4          SH:  0    Dex: 15    Spells: 2/3 levels left

rFire   . . .        a - +1 sling
rCold   . . .        (no shield)
rNeg    . . .        c - +0 robe
rPois   .            (no helmet)
rElec   .            (no cloak)
rCorr   .            (no gloves)
SInv    .            (no boots)
Will    .....        (no amulet)
Stlth   ++           d - +6 ring of strength
HPRegen 0.22/turn    (no ring)
MPRegen 0.08/turn

%: no passive effects
@: no status effects
A: small, no large weapons, nightstalker 3
a: no special abilities


You were on level 1 of the Dungeon.
You visited 1 branch of the dungeon, and saw 1 of its levels.

You collected 4 gold pieces.

Inventory:

Hand Weapons
 a - a +1 sling (weapon)
Armour
 c - a +0 robe (worn)
Jewellery
 d - a +6 ring of strength (left hand)
Scrolls
 b - a scroll of poison
 e - a scroll of fear {unknown}


   Skills:
 + Level 1.5 Fighting
 + Level 2.9 Ranged Weapons
 + Level 2.4 Dodging
 + Level 1.1 Spellcasting
 + Level 3.1 Hexes


You had 2 spell levels left.
You knew the following spells:

 Your Spells              Type           Power      Damage    Failure   Level
a - Slow                  Hex            36%        N/A       7%          1

Your spell library contained the following spells:

 Spells                   Type           Power      Damage    Failure   Level
 Inner Flame              Hex/Fire       5%         N/A       38%         3
 Portal Projectile        Hex/Tloc       10%        N/A       38%         3
 Cause Fear               Hex            4%         N/A       56%         4


Dungeon Overview and Level Annotations

Branches:
Dungeon (1/15)

Altars:


Innate Abilities, Weirdness & Mutations

You are small and have problems with some larger weapons.
You are completely attuned to the shadows.


Message History

The sling bullet closely misses the hobgoblin.
The hobgoblin closely misses you.
Fire: a) +1 sling
Press: ? - help, Q - select action, (/) - cycle Shift-Dir - straight line, f/p - hobgoblin
Aim: a hobgoblin (almost dead, 57% to hit)
You shoot a sling bullet.
The sling bullet closely misses the hobgoblin.
The hobgoblin hits you.
Fire: a) +1 sling
Press: ? - help, Q - select action, (/) - cycle Shift-Dir - straight line, f/p - hobgoblin
Aim: a hobgoblin (almost dead, 57% to hit)
You shoot a sling bullet. The sling bullet hits the hobgoblin.
You kill the hobgoblin!
The endoplasm freezes you.
You are frozen.
* * * LOW HITPOINT WARNING * * *
You have reached level 2!
Unknown command.
Casting: Slow (safe; 7% risk of failure)
Confirm with . or Enter, or press ? or * to list all spells.
Aiming: Slow (safe; 7% risk of failure)
Press: ? - help, Shift-Dir - straight line, f - endoplasm
Aim: an endoplasm (chance to affect: 61%)
The endoplasm resists with significant effort.
The endoplasm freezes you.
You are frozen.
* * * LOW HITPOINT WARNING * * *
Unknown command.
The endoplasm attacks as you move away! The endoplasm misses you.
You see here a quokka corpse.
The endoplasm attacks as you move away! The endoplasm barely misses you.
Casting: Slow (safe; 7% risk of failure)
Confirm with . or Enter, or press ? or * to list all spells.
Aiming: Slow (safe; 7% risk of failure)
Press: ? - help, Shift-Dir - straight line, f/p - endoplasm
Aim: an endoplasm (chance to affect: 61%)
The endoplasm resists with significant effort.
The endoplasm freezes you.
You are frozen.
You die...

####### #.....# #.....#
######.....##############
................@J...>...
#.####.....##########†###
#.# #.^...# .# #.# #.....#
.. #.# #.....# ... #######
#.....
###################......#
.................##......#


You could see an endoplasm.

Vanquished Creatures
  A giant cockroach (D:1)
  2 hobgoblins (D:1)
  A quokka (D:1)
  A goblin (D:1)
5 creatures vanquished.

Notes
Turn   | Place    | Note
-------+----------+-------------------------------------------
     0 | D:1      | mightbedylan the Kobold Hexslinger began the quest for the
                  | Orb.
     0 | D:1      | Reached XP level 1. HP: 12/12 MP: 2/2
   277 | D:1      | Reached XP level 2. HP: 4/16 MP: 3/3
   282 | D:1      | Frozen to death by an endoplasm

Illustrated notes

Levels and vault maps discovered:
D:1:      ldierk_walled_garden_2, layout_basic

Action                     || total
---------------------------++-------
   Fire: Sling             ||    32
   Cast: Slow              ||     5
 Armour: Robe              ||     2
  Dodge: Dodged            ||    19
